 Dungeon Crawl Stone Soup version 0.30-a0-860-g512cf1e979 (webtiles) character file.

Game seed: 9713100680347025872

9 browni3141 the Charlatan (level 2, 0/17 HPs)
             Began as a Kobold Artificer on Mar 7, 2023.
             Slain by a hobgoblin (4 damage)
             ... on level 1 of the Dungeon.
             The game lasted 00:00:52 (203 turns).

browni3141 the Charlatan (Kobold Artificer)          Turns: 203, Time: 00:00:53

Health: 0/17       AC:  3    Str:  9    XL:     2   Next: 20%
Magic:  2/2        EV: 14    Int: 12    God:
Gold:   16         SH:  0    Dex: 15    Spells: 1/1 levels left

rFire   . . .      SeeInvis .    a - +0 club
rCold   . . .      Faith    .    (no shield)
rNeg    . . .      Spirit   .    b - +0 leather armour
rPois   .          Reflect  .    (no helmet)
rElec   .          Rampage  .    (no cloak)
rCorr   .                        (no gloves)
Will    .....                    (no boots)
Stlth   +++                      (no amulet)
HPRegen 0.22/turn                (no ring)
MPRegen 0.08/turn                (no ring)

@: no status effects
A: small, no large weapons, nightstalker 3
a: no special abilities


You were on level 1 of the Dungeon.
You visited 1 branch of the dungeon, and saw 1 of its levels.

You collected 16 gold pieces.

Inventory:

Hand Weapons
 a - a +0 club (weapon)
Armour
 b - a +0 leather armour (worn)
Wands
 c - a wand of flame (12) (quivered)
 d - a wand of charming (15)
 e - a wand of iceblast (5)
Potions
 f - a potion of mutation {unknown}


   Skills:
 - Level 2.0 Fighting
 + Level 0.8 Armour
 + Level 2.5 Dodging
 * Level 1.7 Stealth
 + Level 3.6 Evocations


You had one spell level left.
You didn't know any spells.
Your spell library was empty.

Dungeon Overview and Level Annotations

Branches:
Dungeon (1/15)

Altars:

Annotations:
D:1 exclusion: door


Innate Abilities, Weirdness & Mutations

You are small and have problems with some larger weapons.
You are completely attuned to the shadows.


Message History

You hit the hobgoblin but do no damage. The hobgoblin hits you.
The endoplasm quivers.
You hit the hobgoblin but do no damage. The hobgoblin hits you.
The hobgoblin barely misses you.
You hit the hobgoblin but do no damage. The ball python barely misses you.
The ball python grabs you. The ball python constricts you.
The ball python closely misses you. The ball python constricts you.
The endoplasm freezes you.
You are frozen.
The hobgoblin hits you but does no damage.
You hit the ball python.
The ball python is moderately wounded.
The ball python closely misses you. The ball python constricts you.
The endoplasm hits you but does no damage.
The hobgoblin barely misses you. The ball python barely misses you.
The ball python constricts you.
You hit the ball python.
The ball python is moderately wounded.
The endoplasm closely misses you. The hobgoblin barely misses you.
The ball python completely misses you. The ball python constricts you.
The hobgoblin barely misses you. The endoplasm completely misses you.
You hit the ball python.
The ball python is severely wounded.
The ball python bites you but does no damage.
The ball python constricts you. The endoplasm freezes you.
You are frozen.
The hobgoblin barely misses you. The ball python barely misses you.
The ball python constricts you.
The ball python's grasp on you weakens, but your attempt to escape fails.
The ball python barely misses you. The ball python constricts you.
The endoplasm freezes you.
You are frozen.
* * * LOW HITPOINT WARNING * * *
The hobgoblin hits you but does no damage.
Unknown command.
You escape the ball python's grasp.
The ball python attacks as you move away!
The ball python barely misses you. The ball python closely misses you.
The hobgoblin attacks as you move away! The hobgoblin hits you.
You die...

#.##.##...## #.......w†.##
#. ...#.#.........####...
.##.##..#.#........)# #...)
......!#.#.#..###.###.....
#.##..#...........#....>.
#.......:.........#......
...#+#..#.#.###.##.......J.
####.####.@J........#..
##..#.#..###g.##.#...#^.
#.#.#w#.#.##S(##†###.#
#..#...#..##..##.###w#
####.....####..##.....##
+.....<..w..'..######..#
####.....####.......w..#
#..#...#..#..............
#.#.#.#.#.###....####.###


You could see an endoplasm, a hobgoblin and a ball python.

Vanquished Creatures
  A dart slug (D:1)
  A goblin (D:1)
  3 jackals (D:1)
  A frilled lizard (D:1)
6 creatures vanquished.

Notes
Turn   | Place    | Note
-------+----------+-------------------------------------------
     0 | D:1      | browni3141 the Kobold Artificer began the quest for the
                  | Orb.
     0 | D:1      | Reached XP level 1. HP: 12/12 MP: 1/1
   124 | D:1      | Reached XP level 2. HP: 12/17 MP: 2/2
   203 | D:1      | Slain by a hobgoblin

Illustrated notes

Levels and vault maps discovered:
D:1:      nzn_arrival_crosshair, layout_basic,
          dreamdust_ecumenical_altar_drowned_temple, serial_shops, shop,
          nicolae_wormholes

Skill      XL: |  1 |
---------------+----+-----
Fighting       | 2 |  2.0
Armour         | |  0.8
Dodging        | |  2.5
Stealth        | |  1.7
Evocations     | |  3.6

Action                     || total
---------------------------++-------
  Melee: Club              ||    41
  Evoke: Wand              ||     3
   Stab: Sleeping          ||     1
 Armour: Leather armour    ||    10
  Dodge: Dodged            ||    55

Table legend: (Time is in decaauts)
 A = Elapsed time spent in this place.
 B = Non-inter-level travel time spent in this place.
 C = Inter-level travel time spent in this place.
 D = Time resting spent in this place.
 E = Time spent auto-exploring this place.
 F = Levels seen in this place.
 G = Mean time per level.
                   A        B        C        D        E       F      G
               +--------+--------+--------+--------+--------+-----+--------+
         Total |    215 |    215 |      0 |     32 |     53 |   1 |  215.0 |
       Dungeon |    215 |    215 |      0 |     32 |     53 |   1 |  215.0 |
               +--------+--------+--------+--------+--------+-----+--------+

Top non-repeatable levels by time:
     D:1: 215 daAuts
